AoeStats
← InTrUsIoN

Migration

506297645Analyzed
1v1 RM · 19d ago on Sep 13, 2026· 37m 48s· 2 players
Game mode
Random Map
Map size
132×132
Population
200
Speed
Normal
Resources
Standard
Victory
Conquest
Starting age
Dark Age
Ending age
Imperial Age
RankedLock teamsTeams togetherTeam positionsShared explorationLock speedFull tech treeHidden civsTurbo modeCheats
Victory
Defeat
🇦🇺 Vikings · Australia
474
+13
🇺🇸 Lithuanians · United States
418
-13
InTrUsIoN
10:46 Feudal Age
10:36 Loom
13:47 Double-Bit Axe
15:46 Wheelbarrow
15:18 Fishing Lines
20:33 Castle Age
25:03 Hand Cart
24:42 Stone Mining
24:43 Gold Mining
25:17 Bow Saw
27:51 Murder Holes
30:15 Light Cavalry
35:29 Imperial Age
34:58 Medium Warships
Maloni
2:37 Loom
7:36 Loom
10:25 Feudal Age
11:15 Double-Bit Axe
12:48 Horse Collar
13:01 Gold Mining
20:12 Castle Age
18:00 Fishing Lines
19:23 Stone Mining
22:46 Bow Saw
22:38 Heavy Plow
23:36 Man-at-Arms
24:17 Squires
24:19 Gillnets
26:03 Long Swordsman
26:44 Crossbowman
28:48 Gold Shaft Mining
28:32 Medium Warships
30:32 Forging
30:23 Scale Mail Armor
30:14 Fletching
30:59 Padded Archer Armor
37:06 Iron Casting
36:47 Chain Mail Armor
Connection lost

Rejoining the realm…

Still unreachable

The connection could not be restored.

Session expired

The server has moved on; the page needs a fresh start.